 Dungeon Crawl Stone Soup version 0.28.0-53-g5a82cb258f (webtiles) character file.

Game seed: 3674173851859609186

577 LynnLen the Covert (level 7, -7/46 HPs)
             Began as a Vampire Enchanter on Aug 2, 2022.
             Shot with an arrow by a centaur (13 damage)
             ... on level 6 of the Dungeon.
             The game lasted 00:13:45 (4141 turns).

LynnLen the Covert (Vampire Enchanter)              Turns: 4141, Time: 00:13:46

Health: -7/46      AC:  5    Str: 13    XL:     7   Next: 13%
Magic:  9/10       EV: 15    Int: 17    God:
Gold:   199        SH:  0    Dex: 23    Spells: 1/10 levels left

rFire   . . .      SeeInvis +   f - +2 dagger (venom)
rCold   . . .      Faith    .   (no shield)
rNeg    . . .      Spirit   .   i - +0 leather armour
rPois   .          Reflect  .   d - +0 helmet
rElec   .          Harm     .   c - +0 cloak
rCorr   .          Rampage  .   (no gloves)
Will    .....                   (no boots)
Stlth   ++++......              (no amulet)
HPRegen 0.35/turn               b - +6 ring of strength
MPRegen 0.12/turn               h - +6 ring of dexterity

@: healing quickly
A: alive, fangs 3, see invisible, vampiric 2
a: Exsanguinate


You were on level 6 of the Dungeon.
You visited 1 branch of the dungeon, and saw 5 of its levels.

You collected 199 gold pieces.

Inventory:

Hand Weapons
 a - a +1 dagger
 f - a +2 dagger of venom (weapon)
Missiles
 e - 173 stones (quivered)
 p - 42 sling bullets
Armour
 c - a +0 cloak (worn)
 d - a +0 helmet (worn)
 i - a +0 leather armour (worn)
Jewellery
 b - a +6 ring of strength (left hand)
 h - a +6 ring of dexterity (right hand)
 u - a ring of magical power
 w - a +6 ring of dexterity
Wands
 j - a wand of flame (30)
Scrolls
 l - a scroll of teleportation
 r - a scroll of silence
 v - a scroll of summoning {unknown}
 x - a scroll of enchant weapon {unknown}
Potions
 g - a potion of might
 k - a potion of lignification {unknown}
 m - a potion of resistance
 o - a potion of haste {unknown}
 s - a potion of mutation {unknown}
 t - a potion of magic {unknown}


   Skills:
 * Level 5.3 Short Blades
 * Level 4.7 Dodging
 + Level 8.2 Stealth
 - Level 2.0 Spellcasting
 - Level 4.4 Hexes


You had one spell level left.
You knew the following spells:

 Your Spells              Type           Power      Damage    Failure   Level
a - Confusing Touch       Hex            16%        N/A       12%         3
b - Tukima's Dance        Hex            16%        N/A       12%         3
c - Dazzling Flash        Conj/Hex       18%        N/A       30%         3

Your spell library contained the following spells:

 Spells                   Type           Power      Damage    Failure   Level
 Ensorcelled Hibernation  Hex/Ice        18%        N/A       16%         2


Dungeon Overview and Level Annotations

Branches:
Dungeon (4/15)             Temple (0/1) D:4

Altars:
Gozag

Annotations:
D:4 2 transporters


Innate Abilities, Weirdness & Mutations

Your natural rate of healing is accelerated.
You have razor-sharp teeth.
You have supernaturally acute eyesight. (SInv)
You are afflicted with vampirism and can become a bat while bloodless.


Message History

A gnoll comes into view. It is wielding a +0 whip.
The gnoll closely misses you.
You closely miss the gnoll.
The gnoll is heavily wounded.
You hit the gnoll.
You kill the gnoll!
Items here: $ )) †.
Your magical contamination has completely faded away.
You closely miss the gnoll. The gnoll hits you with a +0 whip.
The centaur shouts!
You hit the gnoll but do no damage.
The gnoll is poisoned.
You bite the gnoll.
The gnoll is lightly wounded.
The centaur wields a +0 shortbow.
The centaur shoots an arrow.
The arrow barely misses you. The gnoll hits you with a +0 whip.
You hit the gnoll.
The gnoll looks as sick as possible!
The gnoll is moderately wounded.
The centaur shoots an arrow.
The arrow barely misses you. The gnoll closely misses you.
You hit the gnoll but do no damage.
The gnoll looks as sick as possible!
The gnoll is moderately wounded.
The centaur drinks a potion.
The centaur suddenly seems more resistant.
The gnoll hits you with a +0 whip.
There is an open door here.
Unknown command.
You kill the gnoll!
The centaur shoots an arrow.
The arrow hits you!
The centaur shoots an arrow.
The arrow misses you.
The centaur shoots an arrow.
The arrow misses you.
The centaur shoots an arrow.
The arrow hits you!
* * * LOW HITPOINT WARNING * * *
The centaur shoots an arrow.
The arrow closely misses you.
You feel better.
The centaur shoots an arrow.
The arrow hits you.
The centaur shoots an arrow.
The arrow hits you!
* * * LOW HITPOINT WARNING * * *
The centaur shoots an arrow.
The arrow hits you!
* * * LOW HITPOINT WARNING * * *
The centaur shoots an arrow.
The arrow hits you!
You die...

#####...#†..#######***
#....c###..>#,,,,,,,,,
#.....# #...#,*,,,,,,*
#.....# #...#,*,****,*
###...^.# #####,*,*,,*,,
#.......# *,*,*,,*,,
#.......# *,*,*,,*,,
#.......# *,*,*,,*,,
#....##@# *,*,*,,*,,
#....*#.#*** *,*,*,,,,,
*#....,...,,* *,*,*,,*,*
*....,..#..,****,*,**,*,*
*.##*..#*#..+,,,,*,,,,*,,
*,,,..#*,*#..*****,****,*
*,,..#**+**#..,,,*,,,,*,*
*,..#,,,,,,,#..,,*,**,*,*
**,,***,,,,,***,,,*,**,*,*


You could see a centaur (resistant).

Vanquished Creatures
  An ice beast (D:3)
  A necrophage (D:6)
  A bullfrog skeleton (D:4)
  A jelly (D:4)
  Crazy Yiuf (D:3)
  An iguana (D:3)
  An orc wizard (D:3)
  A hound skeleton (D:4)
  Robin (D:2)
  6 gnolls
  A howler monkey skeleton (D:4)
  7 adders
  A worm (D:3)
  6 dart slugs
  6 orcs
  7 endoplasms
  3 giant cockroaches
  16 goblins
  9 hobgoblins
  6 kobolds
  5 quokkas (D:1)
  5 ball pythons
  2 bats
  2 frilled lizards (D:2)
  8 rats
99 creatures vanquished.

Vanquished Creatures (others)
  5 plants (D:1)
5 creatures vanquished.

Grand Total: 104 creatures vanquished

Notes
Turn   | Place    | Note
-------+----------+-------------------------------------------
     0 | D:1      | LynnLen the Vampire Enchanter began the quest for the Orb.
     0 | D:1      | Reached XP level 1. HP: 13/13 MP: 3/3
   283 | D:1      | Reached XP level 2. HP: 13/19 MP: 5/5
   354 | D:1      | Reached skill level 5 in Stealth
   676 | D:1      | Found a faded altar of an unknown god.
   756 | D:1      | Gained mutation: You are afflicted with vampirism and can
                  | become a bat while bloodless. [Vampire growth]
   756 | D:1      | Reached XP level 3. HP: 17/24 MP: 6/6
  1145 | D:2      | Noticed Robin
  1368 | D:2      | Killed Robin
  1532 | D:2      | Reached XP level 4. HP: 26/30 MP: 7/7
  1536 | D:2      | Learned a level 3 spell: Confusing Touch
  1540 | D:2      | Learned a level 3 spell: Tukima's Dance
  1748 | D:2      | Reached skill level 6 in Stealth
  2366 | D:3      | Reached XP level 5. HP: 35/35 MP: 8/8
  2879 | D:3      | Found a runed translucent door.
  2880 | D:3      | Noticed Crazy Yiuf
  2977 | D:3      | Found an opulent altar of Gozag.
  3376 | D:3      | Killed Crazy Yiuf
  3377 | D:3      | Reached skill level 7 in Stealth
  3377 | D:3      | Reached XP level 6. HP: 32/41 MP: 5/9
  3416 | D:3      | Learned a level 3 spell: Dazzling Flash
  3571 | D:4      | Noticed an ice beast
  3590 | D:3      | Killed an ice beast
  3795 | D:4      | Found a staircase to the Ecumenical Temple.
  3863 | D:4      | Found a transporter.
  3935 | D:4      | Found a transporter.
  4067 | D:4      | You fall into a shaft and drop 2 floors!
  4071 | D:6      | Reached skill level 5 in Short Blades
  4071 | D:6      | Reached skill level 8 in Stealth
  4071 | D:6      | Reached XP level 7. HP: 46/46 MP: 10/10
  4141 | D:6      | Shot with an arrow by a centaur

Illustrated notes

Levels and vault maps discovered:
D:1:      minmay_arrival_semitransparent, layout_loops_ring,
          dreamdust_ecumenical_altar_grove, glass_columns_b
D:2:      layout_rooms, minmay_quadrilaterals, uniq_robin
D:3:      layout_basic, nicolae_gozag_seed_capital, uniq_crazy_yiuf_cottage
D:4:      gammafunk_steamed_eel, layout_rooms,
          minmay_temple_entry_statues_pillars
D:6:      minmay_inner_zag, layout_basic,
          chequers_temple_overflow_statue_of_worship, hangedman_ru_absence,
          nicolae_ossuary_entry_giza, minmay_crystal_room, uniq_prince_ribbit1

Skill      XL: |  1  2  3  4  5  6 |
---------------+-------------------+-----
Stealth        | 5 6 7 8 |  8.2
Short Blades   | 2 3 5 |  5.3
Dodging        | 3 4 |  4.7
Spellcasting   | |  2.0
Hexes          | |  4.4

Action                   |  1- 3 |  4- 6 |  7- 9 || total
-------------------------+-------+-------+-------++-------
Melee: Dagger            |   156 |   143 |    11 ||   310
       Bite              |    13 |    18 |     1 ||    32
       Punch             |     1 |     1 |       ||     2
 Cast: Confusing Touch   |       |     3 |       ||     3
  Use: Scroll            |     2 |     4 |     1 ||     7
       Potion            |       |     1 |     1 ||     2
 Stab: Sleeping          |     7 |    16 |     1 ||    24
       Distracted        |     1 |       |       ||     1
       Confused          |       |     3 |       ||     3
       Invisible         |       |     1 |       ||     1
Armor: Robe              |    11 |       |       ||    11
       Leather armour    |    34 |    23 |       ||    57
Dodge: Dodged            |   105 |    64 |     8 ||   177
